 Dungeon Crawl Stone Soup version 0.23-a0-386-g9c9d49f (webtiles) character file.

137 Cryolive the Digger (level 5, -14/28 HPs)
             Began as a Gargoyle Earth Elementalist on Oct 28, 2018.
             Killed by divine providence
             ... invoked by an orc priest
              (16 damage)
             ... on level 3 of the Dungeon.
             The game lasted 00:04:53 (2434 turns).

Cryolive the Digger (Gargoyle Earth Elementalist)   Turns: 2434, Time: 00:04:53

Health: -14/28     AC:  8    Str: 12    XL:     5   Next: 20%
Magic:  1/10       EV: 12    Int: 16    God:
Gold:   182        SH:  0    Dex: 10    Spells: 6/10 levels left

rFire    x . .     SeeInvis .   e - +1 whip
rCold    + . .     Gourm    .   (no shield)
rNeg     + . .     Faith    .   c - +0 robe
rPois    ∞         Spirit   .   (no helmet)
rElec    +         Reflect  .   (no cloak)
rCorr    .         Harm     .   i - +0 pair of gloves
MR       .....                  k - +0 pair of boots
Stlth    ++........             (no amulet)
HPRegen  0.09/turn              f - ring of ice
MPRegen  0.12/turn              (no ring)

@: no status effects
A: negative energy resistance 1, electricity resistance, unbreathing,
petrification resistance, rot immunity, AC +4
a: no special abilities


You were on level 3 of the Dungeon.
You were not hungry.

You visited 1 branch of the dungeon, and saw 3 of its levels.

You collected 182 gold pieces.

Inventory:

Hand Weapons
 e - a +1 whip (weapon)
Missiles
 b - 57 stones (quivered)
Armour
 c - a +0 robe (worn)
 i - a +0 pair of gloves (worn)
 k - a +0 pair of boots (worn)
Jewellery
 f - a ring of ice (left hand)
Wands
 r - a wand of paralysis (15)
Scrolls
 h - a scroll of immolation {unknown}
 n - 2 scrolls of identify
 o - a scroll of magic mapping {unknown}
 q - a scroll of enchant weapon
 s - a scroll of remove curse
 u - a scroll of amnesia {unknown}
 w - a scroll of enchant armour {unknown}
Potions
 a - 2 potions of heal wounds
 g - a potion of haste {unknown}
 j - a potion of flight {unknown}
 l - a potion of might {unknown}
 m - a potion of mutation {unknown}
 p - a potion of degeneration {unknown}
 v - a potion of cancellation {unknown}
Comestibles
 d - 5 rations
 t - a chunk of flesh


   Skills:
 - Level 1.5 Dodging
 - Level 2.1 Stealth
 + Level 3.3 Spellcasting
 + Level 2.2 Conjurations
   Level 0.7 Transmutations
 + Level 5.1 Earth Magic


You had 6 spell levels left.
You knew the following spells:

 Your Spells              Type           Power        Failure   Level  Hunger
a - Sandblast             Erth           ###...       2%          1    None
b - Stone Arrow           Conj/Erth      ##....       12%         3    ###....

Your spell library contained the following spells:

 Spells                   Type           Power        Failure   Level  Hunger
 Passwall                 Tmut/Erth      ##......     9%          2    ##.....
 Petrify                  Tmut/Erth      ##......     47%         4    ####...
 Lee's Rapid Deconstruct  Erth           ###.......   52%         5    ######.


Dungeon Overview and Level Annotations

Branches:
Dungeon (3/15)

Altars:


Innate Abilities, Weirdness & Mutations

You are resistant to torment.
Your stone body is resilient. (AC +4)
You are immune to poison.
You resist negative energy. (rN+)
You are resistant to electric shocks. (rElec)
You can survive without breathing.
You are immune to petrification.
You are immune to rotting.


Message History

The orc is heavily wounded.
b - 57 stones You hit the orc.
You kill the orc!
You closely miss the orc priest.
The orc priest is heavily wounded.
The orc priest hits you.
* * * LOW HITPOINT WARNING * * *
You hit the orc priest.
The orc priest is severely wounded.
The orc priest hits you but does no damage.
You hit the orc priest but do no damage.
The orc priest is severely wounded.
The orc priest looks satisfied for a moment.
You hit the orc priest.
The orc priest is almost dead.
The orc priest invokes the aid of Beogh against you.
Beogh smites you!
Ouch! That really hurt!
You die...

####.####
#.......# .#
#.##.##.# ##.###
# #.##.# .....#
#..#.# .....#
#.###.#.# .....#
#.......###.....#
#####.#...#o....#
#.....@#
#.......#
#.........#
#.......(....
#..........##..
#.#.......## #
#.#......## #
###...##


You could see an orc priest.

Vanquished Creatures
  An orc priest (D:3)
  An orc wizard (D:3)
  3 adders (D:2)
  2 worms
  A dart slug (D:1)
  A leopard gecko (D:1)
  5 orcs (D:3)
  4 bats
  A giant cockroach (D:3)
  5 hobgoblins
  2 jackals (D:2)
  5 goblins
  6 kobolds
  2 rats
39 creatures vanquished.

Notes
Turn   | Place    | Note
-------+----------+-------------------------------------------
     0 | D:1      | Cryolive the Gargoyle Earth Elementalist began the quest
                  | for the Orb.
     0 | D:1      | Reached XP level 1. HP: 10/10 MP: 3/3
   320 | D:1      | Reached skill level 4 in Earth Magic
   320 | D:1      | Reached XP level 2. HP: 15/15 MP: 5/5
   692 | D:2      | Reached XP level 3. HP: 1/19 MP: 4/6
   697 | D:2      | Learned a level 3 spell: Stone Arrow
  1417 | D:2      | Reached skill level 1 in Conjurations
  1887 | D:3      | Reached XP level 4. HP: 23/24 MP: 6/8
  2406 | D:3      | Reached skill level 5 in Earth Magic
  2406 | D:3      | Reached XP level 5. HP: 28/28 MP: 1/9
  2434 | D:3      | Killed from afar by an orc priest

Vault maps used:
D:1:      dpeg_arrival_solitude

Skill      XL: |  1  2  3  4 |
---------------+-------------+-----
Earth Magic    | 4 5 |  5.1
Conjurations   | 1 2 |  2.2
Spellcasting   | 3 |  3.3
Dodging        | |  1.5
Stealth        | |  2.1
Transmutations | |  0.7

Action                   |  1- 3 |  4- 6 || total
-------------------------+-------+-------++-------
Melee: Unarmed           |    13 |       ||    13
       Dagger            |     6 |       ||     6
       Whip              |    57 |    64 ||   121
 Cast: Sandblast         |    11 |    11 ||    22
       Stone Arrow       |       |     3 ||     3
  Use: Scroll            |     3 |       ||     3
 Stab: Sleeping          |     2 |       ||     2
  Eat: Chunk             |     2 |     3 ||     5
Armor: Robe              |    30 |    23 ||    53
Dodge: Dodged            |    63 |    27 ||    90

Table legend:
 A = Non-vault XP
 B = Vault XP
 C = Vault XP percentage of total XP
 D = Non-vault monster count
 E = Vault monster count
 F = Vault count percentage of total count
                 A         B        C        D         E       F
            +---------+---------+-------+---------+---------+-------
      Total |     197 |       0 |   0.0 |      39 |       0 |   0.0
            +---------+---------+-------+---------+---------+-------
        D:1 |      17 |       0 |   0.0 |       9 |       0 |   0.0
        D:2 |      63 |       0 |   0.0 |      15 |       0 |   0.0
        D:3 |     117 |       0 |   0.0 |      15 |       0 |   0.0
            +---------+---------+-------+---------+---------+-------
